Map: Coda LE (Void)

Players

Bones - Winner!

  • Race: Protoss Protoss

Bop - Winner!

  • Race: Protoss Protoss

HelloWorld

  • Race: Protoss Protoss

lalaluna

  • Race: Protoss Protoss

VOD

Have the link to the VOD?

Description

Time

  • Played on: May 7, 2015, 12:19 a.m.
  • Length: 10:22
Show
View Real Time Build Order
Export as new Build Order

Bones Protoss - Winner!

Build Orders: Zealot Archon 

Get SALT Encoding   

  12  0:01  Probe  
  13  0:14  Pylon  
  13  0:18  Probe  
  14  0:32  Probe (Chrono Boost)  
  14  0:35  Gateway  
  15  0:42  Probe (Chrono Boost)  
  16  0:49  Probe  
  17  0:56  Assimilator  
  17  1:00  Assimilator  
  17  1:01  Probe (Chrono Boost)  
  18  1:13  Probe (Chrono Boost)  
  18  1:14  Pylon  
  19  1:22  Probe  
  20  1:26  Cybernetics Core  
  20  1:34  Probe  
  21  1:46  Probe  
  22  1:56  Stalker  
  23  2:03  Mothership Core (Chrono Boost)  
  23  2:04  Warp Gate  
  26  2:18  Probe (Chrono Boost)  
  27  2:26  Adept  
  27  2:29  Probe, Pylon  
  30  2:44  Twilight Council  
  30  2:47  Probe  
  31  2:54  Adept  
  33  2:59  Probe  
  34  3:09  Gateway  
  34  3:12  Gateway, Pylon  
  34  3:31  Adept  
  35  3:39  Probe  
  36  3:43  Forge  
  36  3:51  Shield Upgrade (Chrono Boost)  
  36  3:52  Probe  
  37  3:56  Pylon  
  37  4:18  Protoss Ground Weapons Level 1 (Chrono Boost), Photon Cannon  
  37  4:27  Nexus  
  35  4:35  Sentry x2  
  39  4:40  Probe  
  39  4:52  Probe  
  40  5:08  Probe  
  39  5:19  Gateway  
  39  5:20  Probe, Gateway  
  38  5:22  Pylon  
  38  5:32  Probe  
  39  5:36  Adept x3  
  39  5:38  Pylon  
  45  5:49  Photon Cannon  
  45  5:58  Probe  
  45  5:59  Probe, Adept  
  49  6:08  Protoss Ground Weapons Level 2 (Chrono Boost)  
  49  6:15  Probe x2  
  51  6:23  Templar Archives  
  51  6:30  Probe x2, Pylon  
  53  6:33  Assimilator  
  53  6:41  Assimilator  
  53  6:46  Probe x2  
  55  6:51  Robotics Facility  
  55  6:52  Pylon  
  56  7:01  Probe x2  
  56  7:06  Pylon  
  57  7:13  High Templar x3  
  57  7:14  High Templar  
  65  7:20  Archon x2  
  65  7:21  Archon  
  65  7:23  Adept  
  65  7:29  Pylon  
  65  7:39  Adept x3  
  63  7:46  Adept x2  
  66  7:58  Gateway  
  66  7:59  Gateway  
  66  8:00  Adept x3  
  65  8:09  Adept x2  
  65  8:10  Probe  
  68  8:22  Observer (Chrono Boost)  
  65  8:35  Probe x2  
  67  8:44  Adept x4, Pylon  
  67  8:48  Observer (Chrono Boost)  
  76  8:56  Adept  
  76  9:01  Adept x2  
  80  9:11  Adept x3, Pylon  
  80  9:16  High Templar x2  
  90  9:20  Archon  
  88  9:33  Adept  
  88  9:34  Adept x2  
  94  9:44  Adept  
  94  9:45  Adept  
  98  9:49  Pylon  
  98  10:07  Adept x2  
  98  10:08  Adept x4  
Show
View Real Time Build Order
Export as new Build Order

Bop Protoss - Winner!

Build Orders: Oracle Opening, Oracle Opening, Zealot Archon 

Get SALT Encoding   

  12  0:01  Probe  
  13  0:13  Probe  
  14  0:20  Pylon  
  14  0:34  Probe  
  15  0:43  Probe  
  16  0:55  Gateway, Probe  
  16  0:57  Assimilator  
  17  1:06  Probe  
  17  1:07  Pylon  
  18  1:14  Probe  
  19  1:25  Probe  
  19  1:29  Assimilator  
  20  1:37  Probe  
  21  1:42  Cybernetics Core  
  21  1:49  Probe  
  22  1:58  Probe  
  22  2:00  Gateway  
  23  2:06  Probe  
  23  2:13  Stalker  
  24  2:18  Probe  
  24  2:19  Pylon  
  24  2:21  Warp Gate  
  27  2:30  Mothership Core  
  27  2:36  Stalker  
  31  2:50  Stalker  
  33  3:05  Stargate  
  33  3:10  Pylon  
  33  3:21  Nexus  
  32  3:42  Oracle  
  35  3:58  Pylon  
  34  4:36  Probe x2  
  36  4:42  Assimilator  
  36  4:46  Twilight Council  
  36  4:48  Probe x2  
  36  4:49  Gateway  
  37  5:00  Probe x2  
  37  5:03  Stalker  
  37  5:04  Stalker  
  41  5:12  Probe  
  41  5:13  Probe  
  41  5:24  Probe  
  41  5:25  Probe  
  41  5:27  Dark Shrine  
  43  5:28  Gateway  
  43  5:31  Gateway  
  43  5:35  Probe x2  
  45  5:43  Probe x2  
  47  5:54  Probe x2  
  49  6:06  Probe x2  
  49  6:10  Stalker x2  
  49  6:11  Stalker  
  57  6:15  Assimilator  
  57  6:18  Probe x2  
  59  6:30  Probe  
  60  6:36  Gateway, Pylon  
  60  6:54  Dark Templar x2  
  60  6:55  Dark Templar x3  
  60  6:56  Pylon  
  60  6:58  Archon  
  60  6:59  Archon  
  70  7:17  Probe x2  
  70  7:20  Stalker x2  
  70  7:21  Zealot  
  70  7:22  Zealot  
  80  7:29  Stalker  
  55  7:51  Stalker  
  55  7:52  Stalker  
  55  7:55  Probe x2  
  53  8:11  Dark Templar x2  
  53  8:12  Dark Templar  
  47  8:27  Probe  
  47  8:28  Probe  
  49  8:40  Probe  
  43  8:43  Nexus  
  43  8:44  Pylon  
  40  8:49  Stalker x4  
  39  9:17  Probe  
  39  9:18  Probe  
  40  9:29  Probe  
  40  9:30  Probe  
  42  9:39  Oracle  
  42  9:42  Probe x2  
  45  9:54  Probe  
  46  10:06  Probe  
Show
View Real Time Build Order
Export as new Build Order

HelloWorld Protoss 

Build Orders:  

Get SALT Encoding   

Show
View Real Time Build Order
Export as new Build Order

lalaluna Protoss 

Build Orders:  

Get SALT Encoding   

Tags
 
Add a new tag
Caveats
  • Supply blocks, unpowered buildings, or Contaminate may cause inaccurate times.
  • Supply counts are checked every 10 seconds.